[Event "Early-Titled-Tuesday-Blitz-February-13-2024"]
[Site "Chess.com"]
[Date "2024.02.13"]
[Round "8"]
[White "Elegance_Riks"]
[Black "Alblooshi_Hamad"]
[Result "1-0"]
[WhiteElo "2751"]
[BlackElo "2254"]
[TimeControl "180+1"]
[EndTime "9:29:47 PST"]
[Termination "Elegance_Riks won by resignation"]

1. Nf3 Nf6 2. c4 e6 3. g3 b6 4. Bg2 Bb7 5. O-O Be7 6. Nc3 O-O 7. Re1 c5 8. e4 d6 9. d4 cxd4 10. Nxd4 Nbd7 11. Be3 a6 12. Rc1 Rc8 13. b3 Qc7 14.
f4 Qb8 15. Bf2 Qa8 16. g4 Nc5 17. Qe2 Rfd8 18. g5 Ne8 19. Rcd1 g6 20. h4 Ng7 21. Bf3 e5 22. fxe5 dxe5 23. Nc2 Rxd1 24. Rxd1 Rd8 25. Nd5 Bxd5 26. exd5 Bd6 27. Ne3 Re8 28. Ng4 Nh5 29.
Nh6+ Kg7 30. Bxh5 gxh5 31. Qf3 Qb7 32. Nf5+ 1-0

[Event "Early-Titled-Tuesday-Blitz-February-13-2024"]
[Site "Chess.com"]
[Date "2024.02.13"]
[Round "8"]
[White "sokidze"]
[Black "Hanging_pointer"]
[Result "0-1"]
[WhiteElo "2814"]
[BlackElo "2644"]
[TimeControl "180+1"]
[EndTime "9:29:50 PST"]
[Termination "Hanging_pointer won by resignation"]

1. e4 c6 2. d4 d5 3. e5 Bf5 4. Nf3 e6 5. Be2 Ne7 6. O-O Bg6 7. a4 c5 8. dxc5 Nec6 9. c3 Bxc5 10. b4 Be7 11. Na3 O-O 12. b5 Na5 13. Nd4 Nd7 14. f4 Nc5 15. Be3 Rc8 16. Rc1 Ne4 17. Nb1 Bc5 18. Kh1 Qh4 19. Kg1 Bb6 20. Rf3 Nc4 21. Bxc4 Rxc4 22. Ne2 Bxe3+ 23. Rxe3 Qf2+ 0-1

[Event "Early-Titled-Tuesday-Blitz-February-13-2024"]
[Site "Chess.com"]
[Date "2024.02.13"]
[Round "8"]
[White "MKlose11"]
[Black "bitter-cikolata"]
[Result "1-0"]
[WhiteElo "2649"]
[BlackElo "2505"]
[TimeControl "180+1"]
[EndTime "9:29:51 PST"]
[Termination "MKlose11 won by resignation"]

1. e4 e5 2. Nf3 Nc6 3. d4 exd4 4. Bc4 Nf6 5. O-O Bc5 6. e5 d5 7. exf6 dxc4 8. fxg7 Rg8 9. Bg5 Qd5 10. Nc3 Qf5 11.
Ne4 Rxg7 12. Re1 Be6 13. Nh4 Qxg5 14. Nxg5 Rxg5 15. f4 d3+ 16. Kh1 dxc2 17. Qxc2 Rh5 18. f5 Nd4 19. Qxc4 Rxh4 20. Qxc5 b6 21. Qe5 Nc6 22. Qh8+ 1-0

[Event "Early-Titled-Tuesday-Blitz-February-13-2024"]
[Site "Chess.com"]
[Date "2024.02.13"]
[Round "8"]
[White "cukin84"]
[Black "cthulhuuu"]
[Result "0-1"]
[WhiteElo "2250"]
[BlackElo "2437"]
[TimeControl "180+1"]
[EndTime "9:30:01 PST"]
[Termination "cthulhuuu won by resignation"]

1. e4 d6 2. d4 Nf6 3. Nc3 c6 4. Be3 b5 5. f3 e5 6. Qd2 Be7 7. g4 O-O 8. h4 Nbd7 9. h5 h6 10. g5 hxg5 11. Bxg5 b4 12. h6 bxc3 13. Qg2 g6 14.
bxc3 Nh7 15. Bxe7 Qxe7 16. Bc4 d5 17. Bb3 exd4 18. cxd4 Nb6 19. O-O-O a5 20. exd5 a4 21. d6 Qe3+ 22. Kb2 axb3 23. cxb3 Nc4+ 24. bxc4 Qa3+ 25. Ka1 Be6 26. d5 Qc3+ 27. Qb2 Rxa2+ 28. Kxa2 Ra8+ 29. Kb1 Bf5+ 0-1

[Event "Early-Titled-Tuesday-Blitz-February-13-2024"]
[Site "Chess.com"]
[Date "2024.02.13"]
[Round "8"]
[White "NewYearGirl"]
[Black "GulamaliRises"]
[Result "0-1"]
[WhiteElo "2401"]
[BlackElo "2621"]
[TimeControl "180+1"]
[EndTime "9:30:05 PST"]
[Termination "GulamaliRises won by resignation"]

1. e4 e5 2. Nf3 Nc6 3. Bc4 Nf6 4. d4 exd4 5. Ng5 Ne5 6. Bb3 h6 7. f4 hxg5 8. fxe5 Nxe4 9. Bd5 Nc5 10. O-O Ne6 11.
Qf3 Qe7 12. Nd2 Nf4 13. Ne4 Nxd5 14. Nxg5 Ne3 15. Bxe3 dxe3 16. Nxf7 Rg8 17. Ng5 Rh8 18. Nf7 Rg8 19. Rae1 a5 20. Ng5 Ra6 21. Nh7 Rh6 22.
Qf5 Qe6 23. Qf4 Rxh7 24. Qxe3 b6 25. Qf4 Bc5+ 26. Kh1 Rgh8 27. h3 Rxh3+ 0-1

[Event "Early-Titled-Tuesday-Blitz-February-13-2024"]
[Site "Chess.com"]
[Date "2024.02.13"]
[Round "8"]
[White "Inepton_Fermion"]
[Black "karinachess1"]
[Result "0-1"]
[WhiteElo "2410"]
[BlackElo "2659"]
[TimeControl "180+1"]
[EndTime "9:30:13 PST"]
[Termination "karinachess1 won by resignation"]

1. e4 e5 2. Nf3 Nc6 3. Bc4 Nf6 4. d3 h6 5. c3 d6 6. Nbd2 g5 7. Nf1 Bg7 8. Ng3 Be6 9. Bxe6 fxe6 10. Qb3 Qc8 11. h3 O-O 12. Be3 b6 13. O-O-O Qd7 14. Ne2 d5 15. Qc2 a5 16. h4 g4 17. Nh2 d4 18.
cxd4 exd4 19. Bd2 e5 20. Ng3 Ne7 21. h5 c5 22. Kb1 b5 23. Qxc5 Rfc8 24. Qxe5 Nfd5 25.
Qxg7+ Kxg7 26. exd5 Nxd5 27. Nxg4 Qxg4 28. Ne4 Qe2 29. Ka1 Nb4 30. Rhe1 Nc2+ 31. Kb1 Nxe1 0-1

[Event "Early-Titled-Tuesday-Blitz-February-13-2024"]
[Site "Chess.com"]
[Date "2024.02.13"]
[Round "8"]
[White "Iuckyducky"]
[Black "winniethepooh04"]
[Result "0-1"]
[WhiteElo "2298"]
[BlackElo "2542"]
[TimeControl "180+1"]
[EndTime "9:30:15 PST"]
[Termination "winniethepooh04 won by resignation"]

1. e4 e6 2. d4 d5 3. Nc3 dxe4 4.
Nxe4 Nd7 5. Nf3 Ngf6 6. Nxf6+ Nxf6 7. Bd3 c5 8. O-O cxd4 9. Nxd4 Be7 10. Be3 O-O 11.
c3 a6 12. Bc2 Qc7 13. Bg5 h6 14. Bh4 Rd8 15. Qf3 Rxd4 16. cxd4 Qxc2 17. Rac1 Qxb2 18.
Rc7 Bd6 19. Rc4 Nd5 20. Qg4 Bd7 21. a4 Qb3 22. Rfc1 b5 23. axb5 axb5 24. R4c2 Qxc2 0-1

[Event "Early-Titled-Tuesday-Blitz-February-13-2024"]
[Site "Chess.com"]
[Date "2024.02.13"]
[Round "8"]
[White "UK_23"]
[Black "Lady_Nika"]
[Result "0-1"]
[WhiteElo "2361"]
[BlackElo "2587"]
[TimeControl "180+1"]
[EndTime "9:30:16 PST"]
[Termination "Lady_Nika won by checkmate"]

1. e4 e6 2. d4 d5 3. e5 c5 4.
c3 Nc6 5. Nf3 Qb6 6. Be2 Bd7 7.
O-O Nge7 8. dxc5 Qxc5 9. Be3 Qa5 10. Re1 Qc7 11. Bf4 Ng6 12. Bg3 h5 13. h4 Be7 14. Bd3 Rh6 15. Nbd2 O-O-O 16. b4 Rg8 17. a3 Qd8 18. c4 Nxh4 19. c5 Nxf3+ 20. Nxf3 h4 21. Bh2 h3 22. g4 f6 23. b5 Nxe5 24.
Nxe5 fxe5 25. c6 bxc6 26. bxc6 Bxc6 27. Rc1 Qb6 28. Qa4 Bc5 29. Rxc5 Qxc5 30. Ba6+ Kd7 31. Qd1 Rf6 32. Qe2 Rgf8 33. Rf1 d4 34. Qxe5 Qxe5 35. Bxe5 Rg6 36. Kh2 Rxg4 37. Kxh3 Bf3 38. Bb5+ Ke7 39.
Rc1 Rh8# 0-1

[Event "Early-Titled-Tuesday-Blitz-February-13-2024"]
[Site "Chess.com"]
[Date "2024.02.13"]
[Round "8"]
[White "Alexander_Donchenko"]
[Black "pifion"]
[Result "1-0"]
[WhiteElo "2916"]
[BlackElo "2675"]
[TimeControl "180+1"]
[EndTime "9:30:18 PST"]
[Termination "Alexander_Donchenko won by resignation"]

1. Nf3 d5 2. c4 e6 3. b3 Nf6 4. Bb2 b6 5. cxd5 exd5 6. g3 Bb7 7. Bg2 Bd6 8. O-O O-O 9. Nc3 a6 10. d4 Nbd7 11. Qc2 Re8 12. Rfd1 b5 13. a4 b4 14. Nb1 a5 15. e3 Ne4 16. Nbd2 f5 17. Rac1 Rc8 18.
Bh3 Rf8 19. Nxe4 fxe4 20. Ne5 Bxe5 21. dxe5 Qe7 22. e6 Nf6 23. Qc5 Rfe8 24. Qxe7 Rxe7 25. Rc5 Ra8 26. Be5 Ne8 27. Rdxd5 Bxd5 28. Rxd5 Kf8 29.
Bd4 Nf6 30. Rb5 Ree8 31. Rb7 Nd5 32. Bf5 Ra6 33. Bxe4 Nc3 34. Bxh7 Ne2+ 35. Kg2 Nxd4 36. exd4 Raxe6 37. Rxc7 R8e7 38. Rc8+ Kf7 39. Bg8+ Kf6 40. Bxe6 Rxe6 41. Ra8 1-0

[Event "Early-Titled-Tuesday-Blitz-February-13-2024"]
[Site "Chess.com"]
[Date "2024.02.13"]
[Round "8"]
[White "Flaccidmoves"]
[Black "MikeSailer"]
[Result "1-0"]
[WhiteElo "2434"]
[BlackElo "2193"]
[TimeControl "180+1"]
[EndTime "9:30:21 PST"]
[Termination "Flaccidmoves won on time"]

1. Nf3 d5 2. c4 e6 3. e3 c5 4. cxd5 exd5 5. d4 Nc6 6. Nc3 Nf6 7. Bb5 c4 8. O-O Bd6 9. Ne5 Qc7 10. f4 O-O 11.
Bd2 Bf5 12. Qf3 Bd3 13. Rfe1 Bxe5 14. fxe5 Ne4 15. Rad1 a6 16. Nxd5 Qd8 17. Bxc6 bxc6 18.
Nc3 Nxc3 19. Bxc3 Rc8 20. e4 Qe7 21. d5 cxd5 22. exd5 Qc5+ 23. Kh1 Rcd8 24. d6 f6 25. exf6 Rxd6 26. fxg7 1-0

[Event "Early-Titled-Tuesday-Blitz-February-13-2024"]
[Site "Chess.com"]
[Date "2024.02.13"]
[Round "8"]
[White "ChainedDowntohell"]
[Black "inagreV"]
[Result "1-0"]
[WhiteElo "2543"]
[BlackElo "2357"]
[TimeControl "180+1"]
[EndTime "9:30:22 PST"]
[Termination "ChainedDowntohell won by resignation"]

1. d4 Nf6 2. c4 g6 3. Nc3 Bg7 4. e4 d6 5. Be2 O-O 6. Be3 e5 7. d5 Na6 8. g4 Nc5 9. f3 a5 10. h4 h5 11. g5 Nh7 12. Nh3 Bxh3 13. Rxh3 f6 14. Qd2 fxg5 15. O-O-O Rf4 16. Rg1 Qf6 17. Rhg3 Rxh4 18. Rxg5 Nf8 19. Nd1 Kh7 20. R5g2 a4 21. Kb1 b6 22. Bg5 1-0

[Event "Early-Titled-Tuesday-Blitz-February-13-2024"]
[Site "Chess.com"]
[Date "2024.02.13"]
[Round "8"]
[White "GelmanAlexander"]
[Black "Yaacovn"]
[Result "0-1"]
[WhiteElo "2767"]
[BlackElo "2932"]
[TimeControl "180+1"]
[EndTime "9:30:26 PST"]
[Termination "Yaacovn won by checkmate"]

1. d4 Nf6 2. Nc3 d5 3. Bf4 c6 4. f3 Qb6 5. Qd2 Qxb2 6. Rb1 Qa3 7. e4 e6 8. Bd3 Na6 9. Nge2 Nb4 10. O-O Be7 11. Rb3 Qa5 12. Qe1 O-O 13. e5 Nd7 14. Nd1 b6 15. Bd2 Nxd3 16. Rxd3 Qxa2 17. c3 Ba6 18. Re3 c5 19. f4 f5 20. exf6 Nxf6 21.
Rxe6 Rae8 22. f5 Bc8 23. Nf4 Ne4 24. Bc1 Rxf5 25. Rc6 Ba6 26. Ne3 Rff8 27. Rf3 Bd6 28. Nfxd5 Rxf3 29. gxf3 Qxh2# 0-1

[Event "Early-Titled-Tuesday-Blitz-February-13-2024"]
[Site "Chess.com"]
[Date "2024.02.13"]
[Round "8"]
[White "Agibileg"]
[Black "Irishchessman16"]
[Result "1-0"]
[WhiteElo "2721"]
[BlackElo "2528"]
[TimeControl "180+1"]
[EndTime "9:30:26 PST"]
[Termination "Agibileg won by resignation"]

1. d4 f5 2. c4 Nf6 3. g3 e6 4. Bg2 Be7 5. Nf3 O-O 6. O-O d6 7. b3 Ne4 8. Bb2 Nc6 9. Nbd2 d5 10. Ne5 Nxe5 11. dxe5 c6 12. Nxe4 fxe4 13. f3 Qb6+ 14. Kh1 dxc4 15. f4 cxb3 16. axb3 e3 17. Be4 g6 18. Qc2 Rf7 19. Rad1 Bc5 20. Rd6 Bd7 21. Rfd1 Rd8 22. Kg2 a5 23. h4 Bxd6 24. exd6 Rdf8 25.
Bxg6 Rg7 26. Bxh7+ 1-0

[Event "Early-Titled-Tuesday-Blitz-February-13-2024"]
[Site "Chess.com"]
[Date "2024.02.13"]
[Round "8"]
[White "temiksmozg"]
[Black "chess_blitz00"]
[Result "1-0"]
[WhiteElo "2612"]
[BlackElo "2468"]
[TimeControl "180+1"]
[EndTime "9:30:27 PST"]
[Termination "temiksmozg won on time"]

1. e4 d6 2. d4 Nf6 3. Nc3 e5 4. Nge2 Be7 5. h3 c6 6. Be3 b5 7.
a3 a5 8. g4 Bb7 9. Bg2 Nbd7 10. Ng3 b4 11. Nce2 Nb6 12. Nf5 Nc4 13. Nxg7+ Kd7 14. dxe5 Nxe5 15. Nf5 Nc4 16. Bg5 Kc7 17. Qd4 Ne5 18. f4 c5 19. Qf2 Nc6 20. Rd1 Ne8 21. Nxe7 Nxe7 22. e5 Kb6 23. Bxb7 Kxb7 24. exd6 Nxd6 25.
Qxc5 Nec8 26. Qd5+ Ka7 27. Bxd8 1-0

[Event "Early-Titled-Tuesday-Blitz-February-13-2024"]
[Site "Chess.com"]
[Date "2024.02.13"]
[Round "8"]
[White "Elnaz_Kaliakhmet"]
[Black "blitzking1729"]
[Result "0-1"]
[WhiteElo "2366"]
[BlackElo "2718"]
[TimeControl "180+1"]
[EndTime "9:30:28 PST"]
[Termination "blitzking1729 won by resignation"]

1. d4 d5 2. c4 e6 3. Nf3 Nf6 4. Nc3 Nbd7 5. e3 Be7 6. Bd3 O-O 7. O-O b6 8. e4 dxe4 9. Nxe4 Bb7 10. Qe2 c5 11.
Rd1 Qc7 12. Nxf6+ Nxf6 13. Ne5 cxd4 14. Bg5 h6 15. Bh4 Rad8 16. b3 Rfe8 17. Re1 Nd7 18. Nxf7 Bxh4 19. Nxd8 Qxd8 20. Qg4 Nc5 21. Bg6 Rf8 22.
g3 Qg5 23. Qxh4 Qxg6 24. Qxd4 Nd3 25. Rf1 Nf4 26. h4 Ne2+ 0-1

[Event "Early-Titled-Tuesday-Blitz-February-13-2024"]
[Site "Chess.com"]
[Date "2024.02.13"]
[Round "8"]
[White "DonkyDonkyDonkey"]
[Black "Gabrielian_Artur"]
[Result "1-0"]
[WhiteElo "2940"]
[BlackElo "2795"]
[TimeControl "180+1"]
[EndTime "9:30:33 PST"]
[Termination "DonkyDonkyDonkey won by resignation"]

1. d4 Nf6 2. Nc3 d5 3. Bf4 e6 4. Nb5 Na6 5. e3 Be7 6. Nf3 O-O 7. a3 c6 8. Nc3 c5 9. Bxa6 bxa6 10. O-O Bd7 11. Ne5 Qb6 12. Rb1 Rfc8 13. h3 Be8 14. Qd2 a5 15. Rfd1 a4 16. Qe2 a6 17. Qf3 Ra7 18.
Nd3 cxd4 19. exd4 Rb7 20. Be5 Rc4 21. Re1 Bc6 22. Qg3 Qd8 23. Nf4 Qf8 24. b3 axb3 25. cxb3 Rxc3 26. Qxc3 Bd7 27. Bxf6 Bxf6 28. b4 Bb5 29.
Nd3 Qd6 30. Qc8+ 1-0

[Event "Early-Titled-Tuesday-Blitz-February-13-2024"]
[Site "Chess.com"]
[Date "2024.02.13"]
[Round "8"]
[White "KanalSzachowy"]
[Black "SnekkerAndersen"]
[Result "0-1"]
[WhiteElo "2401"]
[BlackElo "2631"]
[TimeControl "180+1"]
[EndTime "9:30:35 PST"]
[Termination "SnekkerAndersen won by resignation"]

1. e4 e6 2. d4 d5 3. Nc3 Bb4 4. e5 c5 5. a3 Bxc3+ 6. bxc3 Ne7 7. Qg4 Rg8 8. Bd3 Nf5 9. Ne2 Nc6 10. Bg5 Qa5 11. O-O h6 12. Be3 c4 13. Bxf5 exf5 14.
Qf3 Be6 15. Nf4 O-O-O 16. Rab1 Qxc3 17. Qd1 Qxa3 18. Ra1 Qe7 19. Qb1 Kb8 20. Qb5 Qb4 21. Rfb1 Qxb5 22. Rxb5 Kc7 23. Rc5 a6 24. Bd2 b6 25.
Rxc6+ Kxc6 26. c3 a5 27. h4 Ra8 28. Bc1 b5 29. Rb1 b4 30. cxb4 Rgb8 31. Ba3 axb4 32.
Bxb4 Ra4 33. Nd3 cxd3 34. Rc1+ Kd7 35. Bd6 Rb7 0-1

[Event "Early-Titled-Tuesday-Blitz-February-13-2024"]
[Site "Chess.com"]
[Date "2024.02.13"]
[Round "8"]
[White "pfalcon1949"]
[Black "InitiatingASC"]
[Result "1/2-1/2"]
[WhiteElo "1942"]
[BlackElo "2379"]
[TimeControl "180+1"]
[EndTime "9:30:36 PST"]
[Termination "Game drawn by repetition"]

1. e4 c5 2. Nf3 Nc6 3. d4 cxd4 4. Nxd4 Nf6 5. Nc3 e5 6. Ndb5 h6 7. Nd5 Nxd5 8. exd5 a6 9. dxc6 axb5 10. cxd7+ Bxd7 11. Bd3 Qc7 12. O-O Bc5 13. Be3 Bxe3 14. fxe3 O-O 15.
Qe2 b4 16. b3 Bc6 17. Qg4 Qb6 18. Qg3 Qc5 19. Kh1 Qc3 20. Rae1 Rxa2 21. Re2 e4 22. Bc4 Rxc2 23. Rxc2 Qxc2 24. Qc7 Qd2 25. Rxf7 Rxf7 26. Qxf7+ Kh7 27. Qf5+ Kh8 28. Qf8+ Kh7 29. Qg8+ Kg6 30. Qf7+ Kh7 31. Qf5+ Kh8 32. Qf8+ Kh7 33. Qf5+ 1/2-1/2

[Event "Early-Titled-Tuesday-Blitz-February-13-2024"]
[Site "Chess.com"]
[Date "2024.02.13"]
[Round "8"]
[White "artooon"]
[Black "Anton_Demchenko"]
[Result "0-1"]
[WhiteElo "3025"]
[BlackElo "2953"]
[TimeControl "180+1"]
[EndTime "9:30:38 PST"]
[Termination "Anton_Demchenko won by resignation"]

1. e4 e5 2. Nf3 Nc6 3. Bc4 Nf6 4. Ng5 d5 5. exd5 Na5 6. Bb5+ c6 7. dxc6 bxc6 8.
Qf3 Be7 9. Bd3 O-O 10. Nc3 Rb8 11. O-O Rb4 12. Nge4 Nxe4 13. Bxe4 f5 14. Bxc6 Nxc6 15. Qxc6 Bb7 16. Qe6+ Kh8 17. d3 Rf6 18. Qxe5 Bd6 19. Qe2 Bxh2+ 20. Kxh2 Rh4+ 21. Kg1 Bxg2 22. Bg5 Rg6 23.
Rae1 Bc6 24. Ne4 Rxg5+ 0-1

[Event "Early-Titled-Tuesday-Blitz-February-13-2024"]
[Site "Chess.com"]
[Date "2024.02.13"]
[Round "8"]
[White "M1711"]
[Black "Shahdad2007"]
[Result "0-1"]
[WhiteElo "2621"]
[BlackElo "2504"]
[TimeControl "180+1"]
[EndTime "9:30:38 PST"]
[Termination "Shahdad2007 won by resignation"]

1. d4 Nf6 2. Nf3 e6 3. c3 b6 4. Bg5 Bb7 5. Nbd2 Be7 6. e3 d5 7. Bd3 Nbd7 8. Qe2 O-O 9. h4 c5 10. e4 dxe4 11. Nxe4 h6 12. O-O-O Rc8 13. Kb1 cxd4 14.
Nxd4 Nxe4 15. Bxe4 Bxe4+ 16. Qxe4 Bxg5 17. hxg5 Qxg5 18. Nxe6 fxe6 19. Qxe6+ Kh8 20. Rxd7 Rce8 21. Qc6 Rf6 22.
Qb7 Rxf2 23. a4 Ree2 24. Qd5 Rxb2+ 25. Ka1 Ra2+ 26. Qxa2 Rxa2+ 27. Kxa2 Qxg2+ 28. Kb3 Qxh1 29. a5 Qb1+ 30. Ka3 Qa1+ 31. Kb3 Qxa5 32. c4 Qc5 33.
Kb2 b5 34. Rd2 Qb4+ 35. Kc2 bxc4 36. Re2 a5 37. Kc1 a4 38. Rc2 a3 39. Ra2 Qb3 40.
Rc2 a2 0-1

[Event "Early-Titled-Tuesday-Blitz-February-13-2024"]
[Site "Chess.com"]
[Date "2024.02.13"]
[Round "8"]
[White "Ready4abattle"]
[Black "Bugcrusher"]
[Result "0-1"]
[WhiteElo "2266"]
[BlackElo "2456"]
[TimeControl "180+1"]
[EndTime "9:30:38 PST"]
[Termination "Bugcrusher won by resignation"]

1. e4 c6 2. d4 d5 3. e5 c5 4. Nf3 cxd4 5. Nxd4 Nc6 6. Nxc6 bxc6 7. c4 e6 8. Nc3 Bc5 9. cxd5 cxd5 10. Bd3 Ne7 11.
O-O O-O 12. Bg5 Rb8 13. Qh5 h6 14. Rad1 Qe8 15. Bc1 f5 16. Qxe8 Rxe8 17. Rfe1 Bd7 18. Kf1 Nc6 19. h4 Bd4 20. f4 Bxc3 21. bxc3 Na5 22. Be3 Bb5 23. Bxa7 Bxd3+ 24. Rxd3 Ra8 25. Bc5 Nc4 26. Re2 Reb8 27. Bb4 Rb6 28. Kf2 Rba6 29. h5 Rxa2 30. Rxa2 Rxa2+ 31. Kg3 g6 32. hxg6 Kg7 33. Rf3 Nd2 34. Re3 Nf1+ 0-1

[Event "Early-Titled-Tuesday-Blitz-February-13-2024"]
[Site "Chess.com"]
[Date "2024.02.13"]
[Round "8"]
[White "Ariadna_Atreides"]
[Black "Ducke13"]
[Result "0-1"]
[WhiteElo "2152"]
[BlackElo "2328"]
[TimeControl "180+1"]
[EndTime "9:30:38 PST"]
[Termination "Ducke13 won by resignation"]

1. d4 Nf6 2. Nf3 g6 3. c4 Bg7 4. Nc3 d5 5. cxd5 Nxd5 6. e4 Nxc3 7. bxc3 c5 8. Bb5+ Nc6 9. O-O O-O 10. Bxc6 bxc6 11. Qc2 Qa5 12. h3 Rd8 13. Be3 cxd4 14. cxd4 c5 15. Rad1 Ba6 16. Rfe1 cxd4 17. Bg5 d3 18.
Qb3 Rd7 19. e5 e6 20. Bf6 Rc8 21. Rd2 Bh6 22. Rb2 Rb7 23. Qxb7 Bxb7 24. Rxb7 Qxe1+ 25. Nxe1 d2 0-1

[Event "Early-Titled-Tuesday-Blitz-February-13-2024"]
[Site "Chess.com"]
[Date "2024.02.13"]
[Round "8"]
[White "Roedor"]
[Black "sewlins"]
[Result "1-0"]
[WhiteElo "2301"]
[BlackElo "2119"]
[TimeControl "180+1"]
[EndTime "9:30:41 PST"]
[Termination "Roedor won by resignation"]

1. c4 b6 2. Nc3 c5 3. Nf3 Bb7 4. g3 e6 5. Bg2 Nf6 6. O-O Be7 7. d4 cxd4 8. Qxd4 Nc6 9. Qf4 d6 10. Rd1 O-O 11. b3 Rc8 12. Ba3 d5 13. cxd5 exd5 14.
Bb2 d4 15. Nxd4 Bd6 16. Nxc6 Bxf4 17. Nxd8 Bxg2 18. Kxg2 Be5 19. Nb7 Bxc3 20. Bxc3 Rxc3 21. Rac1 Rxc1 22. Rxc1 Rb8 23. Nd6 Rd8 24. Rc8 Rf8 25. Rxf8+ Kxf8 26. Nc8 Nd5 27. Nxa7 Nc3 28. a4 Nxe2 29. Nc8 Nd4 30. b4 b5 31. a5 Nc6 32.
a6 Ke8 33. a7 1-0

[Event "Early-Titled-Tuesday-Blitz-February-13-2024"]
[Site "Chess.com"]
[Date "2024.02.13"]
[Round "8"]
[White "AttackSparrow"]
[Black "Balla_Tamas"]
[Result "1-0"]
[WhiteElo "2622"]
[BlackElo "2414"]
[TimeControl "180+1"]
[EndTime "9:30:44 PST"]
[Termination "AttackSparrow won by resignation"]

1. Nf3 c5 2. e3 Nc6 3. d4 cxd4 4.
exd4 d5 5. Bb5 Bg4 6. h3 Bh5 7. g4 Bg6 8. Ne5 Rc8 9. h4 h5 10. Nxg6 fxg6 11. Bd3 Qd6 12. Nc3 Nxd4 13. Be3 e5 14.
Bxd4 exd4 15. Nb5 Qe5+ 16. Kf1 Ne7 17. Qf3 hxg4 18. Qxg4 Qf6 19. Re1 Kf7 20. Rh3 Nf5 21.
h5 a6 22. hxg6+ Qxg6 23. Qxg6+ Kxg6 24. Rxh8 axb5 25. Re5 1-0

[Event "Early-Titled-Tuesday-Blitz-February-13-2024"]
[Site "Chess.com"]
[Date "2024.02.13"]
[Round "8"]
[White "NowInChess"]
[Black "AttilaTurzo"]
[Result "0-1"]
[WhiteElo "2320"]
[BlackElo "2480"]
[TimeControl "180+1"]
[EndTime "9:30:44 PST"]
[Termination "AttilaTurzo won by checkmate"]

1. e4 c5 2. d3 d6 3. g3 g6 4.
Bg2 Bg7 5. f4 Nc6 6. Nf3 Bg4 7.
h3 Bxf3 8. Qxf3 Nf6 9. O-O O-O 10. Be3 Rb8 11. Qf2 Nd7 12. c3 b5 13. Nd2 b4 14.
e5 Qc7 15. d4 bxc3 16. bxc3 Rb2 17. Qf3 Nxd4 18. cxd4 cxd4 19. Rac1 Rc2 20. Nb3 dxe3 21.
Qxe3 dxe5 22. fxe5 Nxe5 23. Rxc2 Qxc2 24. Qxa7 Nc4 25. Qxe7 Qxa2 26. Nc5 Bd4+ 27. Kh1 Ne3 28. Be4 Nxf1 29. Nd7 Nxg3# 0-1

[Event "Early-Titled-Tuesday-Blitz-February-13-2024"]
[Site "Chess.com"]
[Date "2024.02.13"]
[Round "8"]
[White "Kostya0705"]
[Black "NastyaHn"]
[Result "1-0"]
[WhiteElo "2618"]
[BlackElo "2402"]
[TimeControl "180+1"]
[EndTime "9:30:45 PST"]
[Termination "Kostya0705 won by checkmate"]

1. e4 e6 2. d4 d5 3. Nc3 Bb4 4. e5 c5 5. a3 Bxc3+ 6. bxc3 Ne7 7. Qg4 Qc7 8. Qxg7 Rg8 9. Qxh7 cxd4 10. Qd3 Qxc3+ 11.
Qxc3 dxc3 12. Ne2 Nbc6 13. Nxc3 Nxe5 14. h4 a6 15. h5 f5 16. Bf4 N5c6 17. Bd6 Kf7 18. O-O-O Bd7 19. f4 Rac8 20. Ne2 Rh8 21. Ng1 Rcg8 22. Nf3 Ke8 23. Ng5 Nc8 24. Bc5 Rh6 25. Be2 Nd8 26. Bf2 Nf7 27. Bh4 Ncd6 28. Bf3 Ne4 29. Bxe4 dxe4 30. Nxf7 Kxf7 31. Rxd7+ Ke8 32.
Re7+ Kf8 33. Rd1 Rxh5 34. Rd8# 1-0

[Event "Early-Titled-Tuesday-Blitz-February-13-2024"]
[Site "Chess.com"]
[Date "2024.02.13"]
[Round "8"]
[White "akanga001"]
[Black "dealshark"]
[Result "0-1"]
[WhiteElo "2014"]
[BlackElo "2294"]
[TimeControl "180+1"]
[EndTime "9:30:46 PST"]
[Termination "dealshark won by resignation"]

1. d4 Nf6 2. c4 e6 3. Nc3 Bb4 4. Qc2 c5 5. e3 Bxc3+ 6. Qxc3 cxd4 7. exd4 d5 8. Nf3 O-O 9. Bd3 dxc4 10. Bxc4 b6 11.
O-O Bb7 12. Ne5 Nbd7 13. Nf3 Rc8 14. Qb3 Qc7 15. Bd3 Ng4 16. Re1 Bxf3 17. Bxh7+ Kxh7 18. Qxf3 Qxh2+ 19. Kf1 f5 20. Bf4 Rc2 21. Bxh2 Nxh2+ 22. Kg1 Nxf3+ 23. gxf3 Rxb2 24. Rxe6 Nf6 25. a4 Rd8 26. a5 Rxd4 27. axb6 axb6 28. Ra7 Rd7 29. Ra5 bxa5 0-1

[Event "Early-Titled-Tuesday-Blitz-February-13-2024"]
[Site "Chess.com"]
[Date "2024.02.13"]
[Round "8"]
[White "Vigg-Sama"]
[Black "GlavkonVVS"]
[Result "0-1"]
[WhiteElo "2253"]
[BlackElo "2570"]
[TimeControl "180+1"]
[EndTime "9:30:47 PST"]
[Termination "GlavkonVVS won by resignation"]

1. e4 Nf6 2. e5 Nd5 3. c4 Nb6 4. d4 d6 5. f4 dxe5 6. fxe5 c5 7.
d5 g6 8. Nc3 Bg7 9. Bf4 O-O 10.
Be2 e6 11. d6 Nc6 12. Nf3 Nd7 13. Bg5 Qb6 14. Na4 Qa5+ 15. Bd2 Qd8 16. Bg5 Qa5+ 17.
Bd2 Qa6 18. Bc3 Ndxe5 19. Nxc5 Nxf3+ 20. gxf3 Bxc3+ 21. bxc3 Qa5 22. Ne4 f5 23. Ng5 Qxc3+ 24. Kf2 Bd7 25. Rb1 b6 26. h4 Qf6 27. f4 Rad8 28. c5 bxc5 29. Rb7 Nd4 30. h5 h6 31.
Nf3 Bc6 32. Rxa7 Rxd6 33. Qg1 Nxe2 34. Kxe2 Qb2+ 35. Ke3 Qc3+ 36. Kf2 Qxf3+ 0-1

[Event "Early-Titled-Tuesday-Blitz-February-13-2024"]
[Site "Chess.com"]
[Date "2024.02.13"]
[Round "8"]
[White "saraswathii"]
[Black "Keeper0416"]
[Result "0-1"]
[WhiteElo "2378"]
[BlackElo "2590"]
[TimeControl "180+1"]
[EndTime "9:30:50 PST"]
[Termination "Keeper0416 won by resignation"]

1. e4 c5 2. Nf3 b6 3. d3 Bb7 4. g3 g6 5. Nbd2 Bg7 6. Bg2 h5 7.
O-O Nc6 8. c3 e6 9. h4 Nge7 10.
Nc4 d5 11. Ne3 dxe4 12. dxe4 Ba6 13. Re1 O-O 14. Ng5 Qxd1 15. Rxd1 Rad8 16. Re1 Ne5 17.
f4 Nd3 18. Rd1 e5 19. Nd5 Nxd5 20. exd5 c4 21. Be3 Nxb2 22. Rd2 exf4 23. Bd4 Nd3 24. Bxg7 Kxg7 0-1

[Event "Early-Titled-Tuesday-Blitz-February-13-2024"]
[Site "Chess.com"]
[Date "2024.02.13"]
[Round "8"]
[White "Lion-Al-Messi"]
[Black "PedroGil25"]
[Result "0-1"]
[WhiteElo "2564"]
[BlackElo "2445"]
[TimeControl "180+1"]
[EndTime "9:30:51 PST"]
[Termination "PedroGil25 won by resignation"]

1. e4 c5 2. Nf3 e6 3. d4 cxd4 4.
Nxd4 a6 5. Bd3 Qc7 6. c4 Nf6 7. O-O Be7 8. Qe2 d6 9. b3 O-O 10. Bb2 b6 11. Nd2 Bb7 12. Rac1 Nbd7 13. f4 Rad8 14.
g4 g6 15. Bb1 Rfe8 16. f5 Ne5 17. g5 Nh5 18. fxe6 fxe6 19. Nxe6 Qd7 20. Nxd8 Rxd8 21.
Rcd1 Bxg5 22. Bxe5 dxe5 23. Nf3 Qg4+ 24. Kh1 Rxd1 25.
Qxd1 Bf4 26. Qd8+ Kg7 27. Qe7+ Kh6 28. Qf8+ Ng7 29. Qf6 Nh5 30. Qh4 Qd7 31. Qf2 Qh3 32. Qg2 Ng3+ 33. Kg1 Qxg2+ 34. Kxg2 Nxf1 35. Kxf1 g5 36.
h3 Kg6 37. b4 h5 38. c5 bxc5 39. bxc5 Kf6 40. Ne1 Be3 41. Bd3 Bxc5 42. Nf3 g4 43.
hxg4 hxg4 44. Nd2 Kg5 45. Nc4 Kf4 46. Na5 Bxe4 47. Bxe4 Kxe4 48. Nb3 Be3 49. Na5 Kf3 50. Nc6 Bf4 51. a4 g3 52. a5 g2+ 53. Kg1 Be3+ 54. Kh2 g1=Q+ 0-1